 Dungeon Crawl Stone Soup version 0.19.1 (webtiles) character file.

3756 dvd the Tainter (level 10, 0/63 HPs)
             Began as an Octopode Venom Mage on Dec 12, 2016.
             Was a Believer of Vehumet.
             Shot with an arrow by something (5 damage)
             ... on level 8 of the Dungeon.
             The game lasted 00:28:32 (7964 turns).

dvd the Tainter (Octopode Venom Mage)               Turns: 7964, Time: 00:28:33

Health: 0/63       AC:  5    Str:  8    XL:     10   Next: 15%
Magic:  10/21      EV: 20    Int: 19    God:    Vehumet [**....]
Gold:   386        SH:  0    Dex: 17    Spells: 6 memorised, 7 levels left

rFire  . . .     SeeInvis .     a - +1 long sword
rCold  . . .     Gourm    .     (no shield)
rNeg   . . .     Faith    .     (helmet restricted)
rPois  .         Spirit   .     u - amulet of regeneration
rElec  .         Reflect  .     d - +4 ring of protection
rCorr  .         Harm     .     m - ring of wizardry
MR     .....                    p - ring of flight
Stlth  ++++......               w - +5 ring of evasion
                                f - +3 ring of dexterity
                                x - +2 ring of slaying
                                (no ring)
                                (no ring)

@: radiating poison, very slightly contaminated
A: almost no armour, stealthy swim, amphibious, 8 rings, constrict 8, camouflage
1, gelatinous body 1
a: Renounce Religion, Evoke Flight


You were on level 8 of the Dungeon.
You worshipped Vehumet.
Vehumet was pleased with you.
You were hungry.

You visited 2 branches of the dungeon, and saw 9 of its levels.

You collected 397 gold pieces.
You spent 11 gold pieces at shops.

Inventory:

Hand Weapons
 a - a +1 long sword (weapon)
 e - a +0 rapier
 s - a +0 dagger
 I - a cursed -1 war axe
 J - a +1 war axe of electrocution
Jewellery
 d - a +4 ring of protection (left tentacle)
 f - a +3 ring of dexterity (on tentacle)
 m - a ring of wizardry (right tentacle)
 p - a ring of flight (on tentacle)
 u - an amulet of regeneration (around mantle)
 w - a +5 ring of evasion (on tentacle)
 x - a +2 ring of slaying (on tentacle)
 G - an uncursed ring of ice
Wands
 A - a wand of flame (25/48)
 D - a wand of confusion (9/48)
 H - a wand of iceblast (10/15)
Scrolls
 c - 10 scrolls of identify
 h - 2 scrolls of remove curse
 l - 2 scrolls of recharging
 n - a scroll of blinking
 o - a scroll of fog
 t - 2 scrolls of amnesia
 y - a scroll of enchant weapon
Potions
 i - a potion of resistance {unknown}
 k - a potion of agility
 r - a potion of heal wounds {unknown}
 v - a potion of magic {unknown}
 z - a potion of cure mutation {unknown}
 C - a potion of cancellation {unknown}
 E - 2 potions of ambrosia {unknown}
 F - a potion of curing {unknown}
Books
 j - a Young Poisoner's Handbook

   Spells                             Type                      Level
   a - Sting                          Conjuration/Poison           1
   b - Mephitic Cloud                 Conjuration/Poison/Air       3
   c - Olgreb's Toxic Radiance        Poison                       4
   d - Alistair's Intoxication        Transmutation/Poison         5
   e - Venom Bolt                     Conjuration/Poison           5
 B - a book of Minor Magic

   Spells                             Type                      Level
   a - Magic Dart                     Conjuration                  1
   b - Blink                          Translocation                2
   c - Call Imp                       Summoning                    2
   d - Repel Missiles                 Charms/Air                   2
   e - Slow                           Hexes                        2
   f - Conjure Flame                  Conjuration/Fire             3
   g - Mephitic Cloud                 Conjuration/Poison/Air       3
Comestibles
 b - 7 bread rations
 g - a meat ration
 q - 3 fruits
 K - a chunk of flesh
 L - 2 beef jerkies
 M - 7 slices of pizza


   Skills:
 + Level 3.1 Fighting
 + Level 1.3(3.6) Short Blades
 + Level 5.4(5.5) Long Blades
 + Level 4.0 Dodging
 + Level 5.7 Stealth
 + Level 7.4 Spellcasting
 + Level 3.2 Conjurations
 + Level 0.4 Fire Magic
 + Level 10.2 Poison Magic
 + Level 1.4 Evocations


You had 7 spell levels left.
You knew the following spells:

 Your Spells              Type           Power        Failure   Level  Hunger
a - Sting                 Conj/Pois      ####         1%          1    None
b - Olgreb's Toxic Radia  Pois           #####...     1%          4    ###....
c - Venom Bolt            Conj/Pois      ####......   7%          5    #####..
d - Repel Missiles        Chrm/Air       #.....       7%          2    None
e - Blink                 Tloc           N/A          7%          2    None
f - Throw Flame           Conj/Fire      ##....       4%          2    None


Dungeon Overview and Level Annotations

Branches:
Dungeon (8/15)             Temple (1/1) D:4
   Lair: D:8-11

Altars:
Ashenzari
Cheibriados
Hepliaklqana
Kikubaaqudgha
Makhleb
Nemelex Xobeh
Okawaru
Qazlal
Sif Muna
Trog
Uskayaw
Vehumet
Xom
Yredelemnul
Zin
The Shining One

Shops:
D:4 %?!?   D:5 *

Annotations:
D:3 Philosophy's ghost, amateur VSFi


Innate Abilities, Weirdness & Mutations

You cannot wear most types of armour.
You are very stealthy in the water. (Stealth+)
You are amphibious.
You can wear up to eight rings at the same time.
You can use your tentacles to constrict eight enemies at once.
Your skin changes colour to match your surroundings (Stealth+).
Your rubbery body absorbs attacks. (AC +1, EV +1)


Message History

You feel less protected from missiles.
There is a stone staircase leading up here.
You hear a twanging sound.
An arrow appears from out of thin air!
The arrow hits you. The arrow burns you.
You hear a twanging sound.
An arrow appears from out of thin air!
The arrow hits you! The arrow burns you!
* * * LOW HITPOINT WARNING * * *
Unknown command.
Casting: Venom Bolt
Confirm with . or Enter, or press ? or * to list all spells.
You can't see any susceptible monsters within range! (Use Z to cast anyway.) Unknown command.
Casting: Venom Bolt
Confirm with . or Enter, or press ? or * to list all spells.
You begin to radiate toxic energy.
You hear a twanging sound.
An arrow appears from out of thin air!
The arrow hits you!
* * * LOW HITPOINT WARNING * * *
The arrow burns you.
You die...

#....# #####.##.###
##### ...#.##.#..
.....
######.#.##.#.#######
#........##.#.#......
#.#....####.#.#.#####
#.....[.#..........
#..####(###########
#.@# #.).......
#..#.# #.#)..#)..
##.... #....."...
#..... ..#...#...
#..###.#......... #..
#.#.######## #.. #
#.# #.. #.


There were no monsters in sight!

Vanquished Creatures
  Prince Ribbit (D:6)
  A hornet (D:7)
  A wyvern (D:8)
  A human (D:7)
  4 hogs (D:7)
  A hungry ghost (D:4)
  Menkaure (D:4)
  2 orc warriors
  A sky beast (D:5)
  An ice beast (D:5)
  4 ogres
  A phantom (D:5)
  4 centaurs
  A bullfrog (D:6)
  A scorpion (D:7)
  4 howler monkeys
  An electric eel (D:8)
  4 crimson imps
  A hound (D:4)
  3 bullfrog skeletons
  3 orc priests
  An orc wizard (D:8)
  2 iguanas
  7 worker ants
  A hound skeleton (D:7)
  2 worker ant zombies
  A howler monkey zombie (D:8)
  A howler monkey skeleton (D:4)
  3 adders
  7 gnolls
  An ooze (D:3)
  An adder zombie (D:8)
  3 worms
  5 dart slugs
  2 leopard geckos
  10 orcs
  A ball python (D:2)
  5 giant cockroaches
  11 goblins
  9 hobgoblins
  18 jackals
  2 quokkas
  11 bats
  4 frilled lizards
  6 kobolds
  16 rats
171 creatures vanquished.

Notes
Turn   | Place    | Note
-------+----------+-------------------------------------------
     0 | D:1      | dvd the Octopode Venom Mage began the quest for the Orb.
     0 | D:1      | Reached XP level 1. HP: 11/11 MP: 3/3
    31 | D:1      | Reached skill level 5 in Poison Magic
   388 | D:1      | Reached XP level 2. HP: 17/17 MP: 5/5
   747 | D:1      | Reached XP level 3. HP: 21/21 MP: 4/6
  1072 | D:2      | Reached skill level 1 in Conjurations
  1257 | D:2      | Reached XP level 4. HP: 27/27 MP: 4/8
  1276 | D:2      | Learned a level 4 spell: Olgreb's Toxic Radiance
  2007 | D:2      | Found a stormy altar of Qazlal.
  2123 | D:2      | Found a shimmering altar of Xom.
  2123 | D:2      | Found an ancient bone altar of Kikubaaqudgha.
  2344 | D:3      | Noticed Philosophy's ghost (amateur VSFi)
  2358 | D:3      | Noticed an ogre
  2366 | D:3      | Killed an ogre
  2366 | D:3      | Reached skill level 1 in Short Blades
  2366 | D:3      | Reached XP level 5. HP: 32/32 MP: 0/9
  2459 | D:3      | Reached skill level 6 in Poison Magic
  2503 | D:3      | Reached XP level 6. HP: 37/37 MP: 5/10
  2867 | D:4      | Found a staircase to the Ecumenical Temple.
  2874 | Temple   | Entered the Ecumenical Temple
  3392 | D:4      | Found Ysholays's Food Shoppe.
  3396 | D:4      | Found Goret's Distillery.
  3399 | D:4      | Found Yceg's Magic Scroll Boutique.
  3421 | D:4      | Bought a potion of degeneration for 11 gold pieces
  3433 | D:4      | Found a burning altar of Makhleb.
  3433 | D:4      | Found a radiant altar of Vehumet.
  3445 | D:4      | Became a worshipper of Vehumet
  3579 | D:4      | Noticed a hungry ghost
  3590 | D:5      | Entered Level 5 of the Dungeon
  3590 | D:5      | Noticed a phantom
  3636 | D:5      | Killed a phantom
  3719 | D:5      | Found Zin's Purification Station.
  3722 | D:5      | Found a glowing silver altar of Zin.
  3722 | D:5      | Noticed an ice beast
  3765 | D:5      | Killed an ice beast
  3765 | D:5      | Reached skill level 1 in Long Blades
  3765 | D:5      | Reached XP level 7. HP: 39/42 MP: 9/12
  3776 | D:5      | Learned a level 5 spell: Venom Bolt
  3887 | D:5      | Reached skill level 7 in Poison Magic
  4291 | D:5      | Reached skill level 1 in Fighting
  4382 | D:5      | Found a basalt altar of Yredelemnul.
  4444 | D:5      | Found a glowing golden altar of the Shining One.
  4453 | D:5      | Reached skill level 5 in Stealth
  4453 | D:5      | Reached XP level 8. HP: 48/48 MP: 9/14
  4597 | D:4      | Noticed Menkaure
  4607 | D:4      | Killed Menkaure
  4651 | D:4      | Found Xamneragh's Magic Scroll Emporium.
  5217 | D:4      | Reached skill level 5 in Spellcasting
  5358 | D:4      | Found a stormy altar of Qazlal.
  5428 | D:4      | Reached skill level 1 in Evocations
  5576 | D:3      | Reached skill level 8 in Poison Magic
  5871 | D:6      | Reached * piety under Vehumet
  5871 | D:6      | Offered knowledge of Sandblast by Vehumet.
  5876 | D:6      | Noticed Prince Ribbit
  5971 | D:6      | Killed Prince Ribbit
  6025 | D:6      | Reached XP level 9. HP: 54/54 MP: 11/17
  6164 | D:6      | Reached skill level 9 in Poison Magic
  6667 | D:7      | Learned a level 2 spell: Repel Missiles
  6671 | D:7      | Learned a level 2 spell: Blink
  6760 | D:7      | Noticed a hornet
  6766 | D:7      | Killed a hornet
  7231 | D:7      | Reached skill level 5 in Long Blades
  7394 | D:8      | Reached XP level 10. HP: 17/63 MP: 7/20
  7394 | D:8      | Reached skill level 10 in Poison Magic
  7474 | D:8      | Reached ** piety under Vehumet
  7476 | D:8      | Offered knowledge of Throw Flame by Vehumet.
  7481 | D:8      | Learned a level 2 spell: Throw Flame
  7964 | D:8      | Shot with an arrow by something

Skill      XL: |  1  2  3  4  5  6  7  8  9 10 |
---------------+-------------------------------+-----
Poison Magic   | 5 6 7 8 9 10 | 10.2
Stealth        | 3 4 5 |  5.7
Conjurations   | 1 2 3 |  3.2
Short Blades   | 1 |  1.3
Spellcasting   | 3 4 5 7 |  7.4
Long Blades    | 1 2 3 5 |  5.4
Dodging        | 3 4 |  4.0
Fighting       | 1 3 |  3.1
Evocations     | 1 |  1.4
Fire Magic     | |  0.4

Action                   |  1- 3 |  4- 6 |  7- 9 | 10-12 || total
-------------------------+-------+-------+-------+-------++-------
Melee: Unarmed           |     9 |       |       |       ||     9
       Dagger            |    32 |    20 |       |       ||    52
       Constrict         |     7 |    14 |    29 |     2 ||    52
       Tentacles         |     3 |    13 |    24 |     1 ||    41
       Short sword       |       |    19 |       |       ||    19
       Long sword        |       |    31 |    94 |     6 ||   131
 Cast: Sting             |    42 |    31 |    31 |     1 ||   105
       Olgreb's Toxic Ra |       |    13 |    40 |     8 ||    61
       Venom Bolt        |       |       |     1 |     4 ||     5
       Repel Missiles    |       |       |     1 |       ||     1
       Throw Flame       |       |       |       |     3 ||     3
Evoke: Wand              |       |     1 |     6 |       ||     7
  Use: Scroll            |       |     1 |    14 |       ||    15
       Potion            |       |       |     1 |       ||     1
 Stab: Sleeping          |     7 |     5 |     5 |       ||    17
  Eat: Chunk             |     1 |     7 |    16 |     3 ||    27
       Meat ration       |       |     1 |       |       ||     1
       Bread ration      |       |       |     1 |       ||     1
Armor: Skin              |     6 |    11 |     8 |     2 ||    27
Dodge: Dodged            |    23 |    57 |    77 |     9 ||   166
       Deflected         |       |       |       |     1 ||     1
       Rpst.: Long sword |       |     9 |    26 |     1 ||    36
